 Dungeon Crawl Stone Soup version 0.31-a0-1469-gd420192249 (webtiles) character file.

Game seed: 9505957812279957113

499 jjjjhere the Changeling (level 7, 0/48 HPs)
             Began as a Merfolk Shapeshifter on Dec 28, 2023.
             Splashed by a jelly's acid (7 damage)
             ... on level 4 of the Dungeon.
             The game lasted 00:07:44 (3728 turns).

jjjjhere the Changeling (Merfolk Shapeshifter)      Turns: 3728, Time: 00:07:45

Health: 0/48       AC: -3    Str: 15    XL:     7   Next: 16%
Magic:  7/7        EV: 16    Int:  9    God:
Gold:   187        SH:  0    Dex: 15    Spells: 6/6 levels left

rFire   . .          .
                       - Unarmed
rCold   . . .        (shield currently unavailable)
rNeg    . . .        a - melded +0 animal skin
rPois   .            (no helmet)
rElec   .            (no cloak)
rCorr   .            (no gloves)
SInv    .            y - +0 pair of boots
Will    .....        w - amulet of magic regeneration
Stlth   +            (no ring)
HPRegen 0.28/turn    (no ring)
MPRegen 0.50/turn

%: no passive effects
@: flux-form, corroded, glowing
A: glow, contaminating, (nimble swimmer 2), mertail
a: Begin Untransformation


You were on level 4 of the Dungeon.
You were something dangerously unstable.
You visited 1 branch of the dungeon, and saw 4 of its levels.
You also visited: Sewer.

You collected 187 gold pieces.

Inventory:

Missiles
 x - 2 poisoned darts
Armour
 a - a +0 animal skin (melded)
 g - a +0 tower shield
 y - a +0 pair of boots (worn)
Jewellery
 w - an amulet of magic regeneration (around neck)
Talismans
 c - a beast talisman
 d - a flux talisman (active)
Wands
 A - a wand of quicksilver (7)
Scrolls
 h - a scroll of poison {unknown}
 j - 3 scrolls of immolation
 k - a scroll of enchant weapon {unknown}
 n - a scroll of acquirement {unknown}
 o - 2 scrolls of teleportation
 r - a scroll of enchant armour {unknown}
 s - a scroll of summoning {unknown}
 v - a scroll of fear
 z - a scroll of identify {unknown}
Potions
 b - 2 potions of lignification
 e - a potion of curing
 f - a potion of cancellation {unknown}
 i - a potion of berserk rage {unknown}
 l - a potion of heal wounds {unknown}
 m - a potion of brilliance {unknown}
 p - 2 potions of degeneration {unknown}
 q - a potion of magic {unknown}
 t - 2 potions of mutation {unknown}
 u - a potion of haste {unknown}


   Skills:
 - Level 1.1 Fighting
 - Level 2.6 Dodging
 + Level 6.6 Unarmed Combat
 + Level 7.3 Shapeshifting


You had 6 spell levels left.
You didn't know any spells.
Your spell library was empty.

Dungeon Overview and Level Annotations

Branches:
Dungeon (4/15)              Sewer (visited)
 Temple: D:4-7

Altars:

Shops:
D:3 :


Innate Abilities, Weirdness & Mutations

You are something dangerously unstable.
You glow with magical radiation, making you easy to see and hit.
Foes you strike become dangerously contaminated with magical radiation.
You are incapable of wielding weapons or throwing items.
((You are very nimble when in or above water. (Stealth+, EV+, Speed+++)))
Your lower body shifts to a powerful aquatic tail in water.


Message History

You punch the ball python!
You kill the ball python!
No target in view!
HP restored.
You see here a +0 leather armour.
Key pressed, stopping explore.
Found a stone staircase leading down.
No target in view!
There is a stone staircase leading down here.
A jelly comes into view.
The jelly quivers.
A jelly is nearby!
The jelly barely misses you.
You hit the jelly.
The jelly begins to glow.
Your hands burn!
The jelly is lightly wounded.
The jelly hits you.
You are splashed with acid!
You hit the jelly.
The jelly glows dangerously bright.
The acid corrodes you!
Your hands burn!
The jelly is moderately wounded.
You are too injured to fight recklessly!
You hit the jelly but do no damage.
The jelly shudders as magic cascades through it.
The jelly twists and deforms.
Your hands burn!
The jelly is moderately wounded.
The jelly completely misses you.
You hit the jelly.
The jelly begins to glow.
Your hands burn!
The jelly is heavily wounded.
The jelly hits you.
You are splashed with acid!
You hit the jelly.
The jelly glows dangerously bright.
Your hands burn!
* * * LOW HITPOINT WARNING * * *
The jelly is severely wounded.
The jelly hits you.
* * * LOW HITPOINT WARNING * * *
You are splashed with acid.
* * * LOW HITPOINT WARNING * * *
The jelly attacks as it pursues you! The jelly completely misses you.
The jelly hits you.
* * * LOW HITPOINT WARNING * * *
You are splashed with acid!
You die...

#)#.# ##......#
#..######. ##.#..
..###...###
##....###.
##..#####... #..
.# ####..##.
........###.##.#
.## ##.##.
#..####..#
....##..# #.###
..##
##.####......#####
#.# ..#
#..>....##......#
### ..#
######...J###.##
..# #..#p.....#
#.# #..####.###
#.. #..# # #..#
.... #.... #....


You could see a jelly (heavy contam, misshapen).

Vanquished Creatures
  Menkaure (D:4)
  2 bullfrogs (Sewer)
  A jelly (D:4)
  A bombardier beetle (D:4)
  Jessica (D:1)
  Terence (D:3)
  4 adders
  A worm (D:2)
  2 dart slugs
  2 orcs
  24 ball pythons
  6 bats
  8 endoplasms
  3 giant cockroaches
  3 goblins
  9 hobgoblins
  2 jackals
  A quokka (D:2)
  4 frilled lizards
  6 kobolds
  29 rats
111 creatures vanquished.

Notes
Turn   | Place    | Note
-------+----------+-------------------------------------------
     0 | D:1      | jjjjhere the Merfolk Shapeshifter began the quest for the
                  | Orb.
     0 | D:1      | Reached XP level 1. HP: 15/15 MP: 1/1
   244 | D:1      | Reached XP level 2. HP: 15/21 MP: 2/2
   843 | D:1      | Reached XP level 3. HP: 26/26 MP: 3/3
   974 | D:2      | Noticed Jessica
   988 | D:1      | Killed Jessica
   989 | D:1      | Reached skill level 5 in Shapeshifting
  1100 | D:2      | Reached XP level 4. HP: 32/32 MP: 4/4
  1712 | D:3      | Found Rulaeshr Ikig's Book Shop.
  1807 | D:3      | Found a faded altar of an unknown god.
  1854 | D:3      | Found a glowing drain.
  1946 | Sewer    | Entered a sewer
  1992 | Sewer    | Reached XP level 5. HP: 34/37 MP: 5/5
  2042 | Sewer    | Reached skill level 5 in Unarmed Combat
  2309 | Sewer    | Reached skill level 6 in Shapeshifting
  2311 | Sewer    | HP: 12/37 [constriction (1)]
  2312 | Sewer    | HP: 1/37 [bullfrog (7)]
  2319 | Sewer    | HP: 17/55 [bullfrog (1)]
  2323 | Sewer    | Reached XP level 6. HP: 20/43 MP: 6/6
  2538 | D:3      | Noticed Terence
  2542 | D:3      | Killed Terence
  3128 | D:4      | Noticed Menkaure
  3219 | D:4      | Killed Menkaure
  3220 | D:4      | Reached skill level 7 in Shapeshifting
  3317 | D:4      | Reached XP level 7. HP: 48/48 MP: 7/7
  3726 | D:4      | HP: 14/48 [acid (3)]
  3728 | D:4      | Splashed by a jelly's acid

Illustrated notes

Levels and vault maps discovered:
D:1:      lemuel_arrival_rhombus, layout_loops_corners
D:2:      layout_basic, chequers_serial_rivers_small_3, serial_bayou_pond_c,
          item_on_display_a, uniq_jessica
D:3:      layout_basic, portal_sewer_entry_d, serial_shops, shop,
          hellmonk_ecumenical_altar_blasted, uniq_terence
D:4:      layout_rooms, goddamned_bats, uniq_menkaure

Skill      XL: |  1  2  3  4  5  6 |
---------------+-------------------+-----
Unarmed Combat | 4 5 6 |  6.6
Shapeshifting  | 5 6 7 |  7.3
Fighting       | |  1.1
Dodging        | |  2.6

Action                     |  1- 3 |  4- 6 |  7- 9 || total
---------------------------+-------+-------+-------++-------
  Melee: Unarmed           |    67 |   148 |    24 ||   239
         Punch             |     1 |     5 |       ||     6
         Tailslap          |       |     6 |       ||     6
    Use: Potion            |       |     3 |       ||     3
         Scroll            |       |     2 |       ||     2
   Stab: Sleeping          |     1 |     5 |       ||     6
 Armour: Animal skin       |    29 |    71 |       ||   100
         Skin              |       |    17 |     9 ||    26
  Dodge: Dodged            |    52 |    92 |     9 ||   153
   Form: Flux              |       |     1 |       ||     1

Table legend: (Time is in decaauts)
 A = Elapsed time spent in this place.
 B = Non-inter-level travel time spent in this place.
 C = Inter-level travel time spent in this place.
 D = Time resting spent in this place.
 E = Time spent auto-exploring this place.
 F = Levels seen in this place.
 G = Mean time per level.
                   A        B        C        D        E       F      G
               +--------+--------+--------+--------+--------+-----+--------+
         Total |   3662 |   3505 |    157 |    687 |   2093 |   5 |  732.4 |
       Dungeon |   3161 |   3004 |    157 |    416 |   2006 |   4 |  790.2 |
         Sewer |    500 |    500 |      0 |    271 |     87 |   1 |  500.0 |
               +--------+--------+--------+--------+--------+-----+--------+

Top non-repeatable levels by time:
     D:3: 1022 daAuts
     D:1: 971 daAuts
     D:2: 708 daAuts
   Sewer: 500 daAuts
     D:4: 459 daAuts
